 Dungeon Crawl Stone Soup version 0.18.1-1-g2f07953 (webtiles) character file.

47 EveningNews the Skirmisher (level 3, -1/36 HPs)
             Began as a Gargoyle Berserker on May 7, 2016.
             Was a Believer of Trog.
             Slain by a gnoll (5 damage)
             ... on level 2 of the Dungeon.
             The game lasted 00:01:59 (917 turns).

EveningNews the Skirmisher (Gargoyle Berserker)      Turns: 917, Time: 00:02:00

Health: -1/36      AC:  7    Str: 25    XL:     3   Next: 70%
Magic:  3/3        EV: 12    Int:  7    God:    Trog [**....]
Gold:   33         SH:  0    Dex: 10    Spells: 0 memorised, 2 levels left

rFire  . . .     SeeInvis .     a - +0 mace
rCold  . . .     Gourm    .     b - +0 animal skin
rNeg   + . .     Faith    .     (no shield)
rPois  ∞         Spirit   .     (no helmet)
rElec  +         Dismiss  .     (no cloak)
rCorr  .         Reflect  .     i - +0 pair of gloves
SustAt .         Harm     .     q - +0 pair of boots
MR     .....                    (no amulet)
Stlth  ..........               (no ring)
                                (no ring)

@: berserking, very quick, not resistant to hostile enchantments, extremely
unstealthy
A: negative energy resistance 1, electricity resistance, unbreathing,
petrification resistance, rot immunity, AC +3
a: Berserk, Trog's Hand, Burn Spellbooks, Renounce Religion


You were on level 2 of the Dungeon.
You worshipped Trog.
Trog was pleased with you.
You were not hungry.

You visited 1 branch of the dungeon, and saw 2 of its levels.

You collected 33 gold pieces.

Inventory:

Hand Weapons
 a - a +0 mace (weapon)
 m - a +0 hunting sling
Armour
 b - a +0 animal skin (worn)
 i - a +0 pair of gloves (worn)
 q - a +0 pair of boots (worn)
Scrolls
 d - a scroll of recharging {unknown}
 e - a scroll of amnesia {unknown}
 f - a scroll of remove curse {unknown}
 g - a scroll of identify {unknown}
 h - a scroll of noise {unknown}
 k - a scroll of blinking {unknown}
Potions
 j - a potion of magic {unknown}
 l - a potion of berserk rage {unknown}
 o - a potion of degeneration {unknown}
 p - a potion of cure mutation {unknown}
Comestibles
 c - a bread ration


   Skills:
 + Level 4.2 Fighting
 + Level 3.8 Maces & Flails
 - Level 2.1 Armour
 - Level 1.5 Dodging


You had 2 spell levels left.
You didn't know any spells.

Dungeon Overview and Level Annotations

Branches:
Dungeon (2/15)

Altars:


Innate Abilities, Weirdness & Mutations

You are resistant to torment.
Your stone body is resilient (AC +3).
You are immune to poison.
You resist negative energy.
You are resistant to electric shocks.
You can survive without breathing.
You are immune to petrification.
You are immune to rotting.


Message History

You barely miss the gnoll.
The gnoll is moderately wounded.
The gnoll hits you with a spear.
A red film seems to cover your vision as you go berserk!
You feel yourself moving faster!
You feel mighty!
You feel somewhat more hungry. The gnoll hits you with a spear.
You barely miss the gnoll.
The gnoll is moderately wounded.
The gnoll hits you with a spear!
* * * LOW HITPOINT WARNING * * *
You sock the gnoll!
You kill the gnoll!
Trog accepts your kill.
You can now call upon Trog for regeneration and protection from hostile enchantments.
You closely miss the gnoll. The gnoll hits you.
* * * LOW HITPOINT WARNING * * *
You sock the gnoll!
The gnoll is severely wounded.
The gnoll hits you.
You die...

### ..#######
#.#.....# ##
#.#.###.########.####
#.#.# #........(#...#
#.#.###.####.###@#
#.#.....## #.# #g#
...#####.# #.# #g#
..#.###.## #.# #..
####.#.## #.# ##.
##.## #.. .. #.# ###
.# ##+## #.# ##...##
#.#


You could see 2 gnolls.

Vanquished Creatures
  A gnoll (D:2)
  An adder (D:2)
  2 dart slugs (D:1)
  2 giant cockroaches (D:1)
  3 goblins
  4 hobgoblins
  4 bats
  A giant newt (D:1)
  5 kobolds (D:1)
  3 rats
26 creatures vanquished.

Notes
Turn   | Place    | Note
--------------------------------------------------------------
     0 | D:1      | EveningNews the Gargoyle Berserker began the quest for the Orb.
     0 | D:1      | Reached XP level 1. HP: 14/14 MP: 1/1
   161 | D:1      | Reached XP level 2. HP: 15/19 MP: 2/2
   683 | D:2      | Reached XP level 3. HP: 24/24 MP: 3/3
   722 | D:2      | Reached skill level 4 in Fighting
   915 | D:2      | Reached ** piety under Trog
   917 | D:2      | Slain by a gnoll

Skill      XL: |  1  2  3 |
---------------+----------+-----
Fighting       | 4 |  4.2
Maces & Flails | |  3.8
Armour         | |  2.1
Dodging        | |  1.5

Action                   || total
-------------------------++-------
Melee: Mace              ||    84
Invok: Berserk           ||     1
Armor: Animal skin       ||    25
Dodge: Dodged            ||    73
